 Dungeon Crawl Stone Soup version 0.29.1-15-g9cfb28693d (webtiles) character file.

Game seed: 5568279723809756746

7 javelincjr the Magician (level 2, 0/21 HPs)
             Began as a Djinni Summoner on Apr 26, 2023.
             Slain by a quokka (2 damage)
             ... on level 1 of the Dungeon.
             The game lasted 00:01:10 (280 turns).

javelincjr the Magician (Djinni Summoner)            Turns: 280, Time: 00:01:11

Health: 0/21       AC:  2    Str:  7    XL:     2   Next: 5%
Gold:   24         EV: 12    Int: 16    God:
                   SH:  0    Dex: 13

rFire   + + .      SeeInvis .   (no weapon)
rCold   x . .      Faith    .   (no shield)
rNeg    . . .      Spirit   .   a - +0 robe
rPois   ∞          Reflect  .   (no helmet)
rElec   .          Harm     .   (no cloak)
rCorr   .          Rampage  .   (no gloves)
Will    .....                   (boots unavailable)
Stlth   ++........              (no amulet)
HPRegen 0.07/turn               (no ring)
MPRegen 0.00/turn               (no ring)

@: flying
A: sickness immunity, fire resistance 2, cold vulnerability 1, float, innate
caster, HP casting, extra vitality 1
a: no special abilities


You were on level 1 of the Dungeon.
You visited 1 branch of the dungeon, and saw 1 of its levels.

You collected 24 gold pieces.

Inventory:

Armour
 a - a +0 robe (worn)


   Skills:
 + Level 2.4 Dodging
 + Level 1.8 Stealth
 + Level 3.3 Spellcasting


You couldn't memorise any spells.
You knew the following spells:

 Your Spells              Type           Power      Damage    Failure   Level
a - Summon Small Mammal   Summ           52%        N/A       4%          1
b - Call Imp              Summ           13%        N/A       7%          2
c - Call Canine Familiar  Summ           13%        N/A       14%         3
d - Summon Guardian Gole  Hex/Summ       13%        N/A       14%         3
e - Summon Lightning Spi  Summ/Air       13%        N/A       41%         4
Your spell library was empty.

Dungeon Overview and Level Annotations

Branches:
Dungeon (1/15)

Altars:


Innate Abilities, Weirdness & Mutations

You are immune to sickness and miasma.
You are immune to poison.
Your flesh is very heat resistant. (rF++)
You are vulnerable to cold. (rC-)
You float through the air rather than walking.
You learn spells naturally, not from books.
Your magical power is your life essence.
You have superior vitality. (+4 MHP)


Message History

* * * LOW HITPOINT WARNING * * *
Your bat misses the quokka. x2
You closely miss the quokka.
The quokka is lightly wounded.
Your bat hits the quokka but does no damage.
The quokka bites you but does no damage.
You hit the quokka but do no damage.
The quokka is lightly wounded.
Your bat barely misses the quokka.
The quokka misses you. The quokka closely misses you.
Your rat bites the quokka.
You closely miss the quokka.
The quokka is moderately wounded.
The quokka barely misses you.
Your rat bites the quokka but does no damage.
Your bat hits the quokka but does no damage.
You closely miss the quokka.
The quokka is lightly wounded.
Your bat hits the quokka but does no damage.
Your bat barely misses the quokka.
The quokka twitches its whiskers.
The quokka bites you.
* * * LOW HITPOINT WARNING * * *
Your rat closely misses the quokka.
You hit the quokka but do no damage.
The quokka is lightly wounded.
Your bat barely misses the quokka.
The quokka barely misses you.
Your rat bites the quokka but does no damage.
Your bat barely misses the quokka.
You hit the quokka but do no damage.
The quokka is lightly wounded.
Your bat hits the quokka but does no damage.
Your bat misses the quokka.
The quokka bites you but does no damage.
Your rat bites the quokka.
You barely miss the quokka. You punch the quokka, but do no damage.
The quokka is severely wounded.
Your bat closely misses the quokka.
The quokka bites you but does no damage.
The quokka bites you.
You die...

#.#.....#..##.#
#.##..#...... .
#........#..## #
##.##..#..... .#
#..#....... ..
#........#. .#
#..#...#.##.##.#
#.r##.##.......#
#.@r.....##......
#.b.........#####
#############


You could see a quokka (ally target), a friendly bat (summoned) and a friendly
rat (summoned).

Vanquished Creatures
  A giant cockroach (D:1)
  A hobgoblin (D:1)
2 creatures vanquished.

Vanquished Creatures (collateral kills)
  A dart slug (D:1)
  A goblin (D:1)
2 creatures vanquished.

Grand Total: 4 creatures vanquished

Notes
Turn   | Place    | Note
-------+----------+-------------------------------------------
     0 | D:1      | javelincjr the Djinni Summoner began the quest for the Orb.
     0 | D:1      | javelincjr set off with the following spells memorised:
                  | Summon Small Mammal, Call Imp, Call Canine Familiar, Summon
                  | Guardian Golem, Summon Lightning Spire.
     0 | D:1      | Reached XP level 1. HP: 15/15 MP: 0/0
   238 | D:1      | Reached XP level 2. HP: 4/21 MP: 0/0
   277 | D:1      | HP: 1/21 [quokka (3)]
   280 | D:1      | Slain by a quokka

Illustrated notes

Levels and vault maps discovered:
D:1:      evilmike_arrival_rings, layout_rooms,
          hellmonk_ecumenical_altar_slurped_away, kennysheep_doodads,
          hangedman_decor_clover_reticule, kennysheep_boxes

Action                   || total
-------------------------++-------
Melee: Unarmed           ||    29
       Punch             ||     2
 Cast: Summon Small Mamm ||    13
Armor: Robe              ||     5
Dodge: Dodged            ||    17
